 Dungeon Crawl Stone Soup version 0.18.1-48-g4cf74bf (webtiles) character file.

4688 SergeantTeddy the Blocker (level 10, -7/80 HPs)
             Began as a Human Fighter on July 20, 2016.
             Was a Follower of Elyvilon.
             Killed by divine providence
             ... invoked by an orc priest
              (14 damage)
             ... on level 9 of the Dungeon.
             The game lasted 00:37:00 (8474 turns).

SergeantTeddy the Blocker (Human Fighter)           Turns: 8474, Time: 00:37:01

Health: -7/80      AC: 19    Str: 18      XL:     10   Next: 72%
Magic:  10/10      EV:  5    Int: 10      God:    Elyvilon [*.....]
Gold:   265        SH: 12    Dex: 14 (15) Spells: 0 memorised, 9 levels left

rFire  . . .     SeeInvis +     a - +1 long sword
rCold  . . .     Gourm    .     e - +4 plate armour
rNeg   . . .     Faith    .     c - +1 shield
rPois  .         Spirit   .     w - +1 helmet {SInv}
rElec  .         Dismiss  .     (no cloak)
rCorr  .         Reflect  .     (no gloves)
SustAt .         Harm     .     (no boots)
MR     .....                    (no amulet)
Stlth  ..........               (no ring)
                                g - +2 ring of intelligence

@: protection, not resistant to hostile enchantments, extremely unstealthy
A: no striking features
a: Lesser Healing, Divine Protection, Renounce Religion


You were on level 9 of the Dungeon.
You worshipped Elyvilon.
Elyvilon was aware of your devotion.
You were not hungry.

You visited 2 branches of the dungeon, and saw 10 of its levels.

You collected 496 gold pieces.
You spent 231 gold pieces at shops.

Inventory:

Hand Weapons
 a - a +1 long sword (weapon)
 n - a +3 quarterstaff of chaos
Armour
 b - a +0 scale mail
 c - a +1 shield (worn)
 e - a +4 plate armour (worn)
 w - a +1 helmet of see invisible (worn)
Jewellery
 g - a +2 ring of intelligence (left hand)
 k - an uncursed ring of see invisible {unknown}
 C - a cursed +2 ring of protection {unknown}
Wands
 f - a wand of lightning (11/15)
 r - a wand of iceblast (1/15)
 D - a wand of flame (10/48)
Scrolls
 h - a scroll of recharging
 s - 2 scrolls of immolation
 v - a scroll of amnesia
 x - 4 scrolls of remove curse
 y - a scroll of noise
 B - 2 scrolls of blinking
 H - a scroll of identify
Potions
 d - a potion of magic
 j - a potion of agility {unknown}
 l - 2 potions of flight {unknown}
 m - 2 potions of brilliance {unknown}
 o - 3 potions of curing {unknown}
 p - a potion of lignification {unknown}
 t - a potion of resistance {unknown}
 u - a potion of haste {unknown}
 E - 2 potions of mutation {unknown}
Comestibles
 i - 2 meat rations
 q - 2 bread rations
 z - a beef jerky
 A - a fruit
 F - a slice of pizza


   Skills:
 + Level 7.7 Fighting
 + Level 8.2 Long Blades
 + Level 6.8 Armour
 + Level 2.6 Dodging
 + Level 1.2 Stealth
 + Level 8.6 Shields


You had 9 spell levels left.
You didn't know any spells.

Dungeon Overview and Level Annotations

Branches:
Dungeon (9/15)             Temple (1/1) D:4
   Lair: D:8-11         Orc: D:9-12

Altars:
Ashenzari
Cheibriados
Dithmenos
Elyvilon
Fedhas
Gozag
Kikubaaqudgha
Makhleb
Nemelex Xobeh
Okawaru
Pakellas
Qazlal
Ru
Sif Muna
Trog
Vehumet
Xom
Yredelemnul
Zin
The Shining One

Shops:
D:5 [   D:6 =


Message History

The orc priest looks braver for a moment.
The orc warrior hits you with a battleaxe!
* * * LOW HITPOINT WARNING * * *
You hit the orc warrior.
The orc warrior is lightly wounded.
You closely miss the orc warrior.
The orc warrior is lightly wounded.
You block the orc warrior's attack.
You closely miss the orc warrior.
The orc warrior is lightly wounded.
The orc warrior hits you with a battleaxe!
* * * LOW HITPOINT WARNING * * *
Unknown command.
You beseech Elyvilon to protect your life.
You block the orc warrior's attack.
You slash the orc warrior!
The orc warrior is severely wounded.
The orc priest invokes the aid of Beogh against you.
Beogh smites you!
You die...

#####>...........#. #
#................#. #######
#.##.#.#.######....... .......
#........## #.#.#...
.......#######.#.#..# #.#.....
$............#......# # #.##..
.........$...###....# #.#..+..
.............####.#######.#†##..
.......)....ooo@.............'..
.............############.#†##.^
.............# ####.......
####+######### #..........
#.......... #..........
#.......... #..........
#..........


You could see an orc warrior, an orc priest and an orc.

Vanquished Creatures
  The ghost of furdin the Covered, a novice HOFi (D:6)
  Prince Ribbit (D:6)
  A yak (D:8)
  4 hippogriffs
  Menkaure (D:4)
  Duvessa (D:4)
  4 sky beasts
  A wasp (D:9)
  An orc warrior (D:6)
  An ice beast (D:6)
  6 ogres
  A phantom (D:7)
  A black bear (D:8)
  A centaur (D:8)
  6 giant frogs
  Dowan (D:4)
  2 scorpions
  3 wights (D:8)
  A howler monkey (D:7)
  6 crimson imps
  5 hounds
  An orc priest (D:3)
  A giant frog skeleton (D:8)
  Crazy Yiuf (D:2)
  Natasha (twice) (D:2)
  3 iguanas
  4 orc wizards
  7 worker ants
  2 hound skeletons
  Robin (D:2)
  9 gnolls
  7 adders
  3 shadow imps
  3 oozes
  An adder skeleton (D:4)
  An adder zombie (D:5)
  3 worms (D:3)
  3 dart slugs
  5 giant geckos
  26 orcs
  7 bats
  5 giant cockroaches
  9 goblins
  8 hobgoblins
  13 jackals
  3 quokkas
  4 ball pythons
  13 giant newts
  2 jackal skeletons
  A jackal zombie (D:7)
  10 kobolds
  A quokka zombie (D:5)
  8 rats
216 creatures vanquished.

Vanquished Creatures (others)
  2 giant cockroaches (D:3)
2 creatures vanquished.

Grand Total: 218 creatures vanquished

Notes
Turn   | Place    | Note
--------------------------------------------------------------
     0 | D:1      | SergeantTeddy the Human Fighter began the quest for the Orb.
     0 | D:1      | Reached XP level 1. HP: 18/18 MP: 1/1
    28 | D:1      | Reached XP level 2. HP: 9/24 MP: 2/2
   367 | D:1      | Reached XP level 3. HP: 29/29 MP: 3/3
  1034 | D:2      | Reached XP level 4. HP: 36/36 MP: 4/4
  1276 | D:2      | Noticed Robin
  1295 | D:2      | Killed Robin
  1364 | D:2      | Noticed Natasha
  1369 | D:2      | Killed Natasha
  1369 | D:2      | Reached XP level 5. HP: 33/42 MP: 5/5
  1548 | D:2      | Noticed Natasha
  1553 | D:2      | Killed Natasha
  1600 | D:2      | Noticed Crazy Yiuf
  1604 | D:2      | Killed Crazy Yiuf
  1947 | D:3      | Reached XP level 6. HP: 48/48 MP: 6/6
  2078 | D:3      | Found a radiant altar of Vehumet.
  2347 | D:4      | Found a shimmering altar of Xom.
  2347 | D:4      | Found a sacrificial altar of Ru.
  2347 | D:4      | Noticed Dowan
  2349 | D:4      | Noticed Duvessa
  2378 | D:4      | Killed Duvessa
  2386 | D:4      | Killed Dowan
  2386 | D:4      | Reached skill level 1 in Dodging
  2386 | D:4      | Reached XP level 7. HP: 13/55 MP: 7/7
  2736 | D:4      | Found a staircase to the Ecumenical Temple.
  2852 | D:4      | Noticed Menkaure
  2865 | D:4      | Killed Menkaure
  2865 | D:4      | Reached skill level 5 in Shields
  3825 | Temple   | Entered the Ecumenical Temple
  3943 | Temple   | Became a worshipper of Elyvilon the Healer
  4043 | D:5      | Entered Level 5 of the Dungeon
  4077 | D:5      | Found a glowing golden altar of the Shining One.
  4135 | D:5      | Found a shattered altar of Ashenzari.
  4281 | D:5      | Found a glowing silver altar of Zin.
  4477 | D:5      | Reached skill level 5 in Fighting
  4477 | D:5      | Reached XP level 8. HP: 36/62 MP: 8/8
  4479 | D:5      | Reached skill level 5 in Armour
  4623 | D:5      | Found Urocs's Armour Shop.
  4640 | D:5      | Bought a +1 helmet of see invisible for 231 gold pieces
  4762 | D:5      | Found a stormy altar of Qazlal.
  5037 | D:6      | Reached skill level 5 in Long Blades
  5229 | D:6      | Reached * piety under Elyvilon
  5309 | D:6      | Noticed furdin's ghost (novice HOFi)
  5349 | D:6      | Killed furdin's ghost
  5349 | D:6      | Reached XP level 9. HP: 25/69 MP: 9/9
  5836 | D:6      | Found Toushry's Jewellery Boutique.
  6018 | D:6      | Noticed Prince Ribbit
  6057 | D:6      | Killed Prince Ribbit
  6606 | D:7      | Found a blossoming altar of Fedhas.
  6607 | D:7      | Found an ancient bone altar of Kikubaaqudgha.
  6691 | D:7      | Reached skill level 1 in Stealth
  6735 | D:7      | Reached XP level 10. HP: 72/79 MP: 10/10
  7438 | D:8      | Found an opulent altar of Gozag.
  7438 | D:8      | Found a sparkling altar of Nemelex Xobeh.
  7878 | D:8      | Found a snail-covered altar of Cheibriados.
  8474 | D:9      | Killed from afar by an orc priest

Skill      XL: |  1  2  3  4  5  6  7  8  9 10 |
---------------+-------------------------------+-----
Shields        | 4 5 6 7 8 |  8.6
Fighting       | 4 5 6 7 |  7.7
Long Blades    | 3 4 5 7 8 |  8.2
Armour         | 4 5 6 |  6.8
Dodging        | 1 2 |  2.6
Stealth        | 1 |  1.2

Action                   |  1- 3 |  4- 6 |  7- 9 | 10-12 || total
-------------------------+-------+-------+-------+-------++-------
Melee: Long sword        |    99 |   204 |   486 |   285 ||  1074
Invok: Lesser Healing    |       |       |     2 |     1 ||     3
       Divine Protection |       |       |       |     1 ||     1
Evoke: Wand              |       |       |       |     3 ||     3
  Use: Scroll            |     4 |     1 |    12 |     2 ||    19
       Potion            |       |     2 |     2 |     1 ||     5
  Eat: Bread ration      |       |     1 |     1 |     1 ||     3
       Beef jerky        |       |     1 |       |     1 ||     2
       Meat ration       |       |       |     2 |       ||     2
       Pizza             |       |       |       |     2 ||     2
       Fruit             |       |       |       |     1 ||     1
Armor: Scale mail        |     4 |       |       |       ||     4
       Plate armour      |    91 |   155 |   260 |   171 ||   677
Dodge: Dodged            |    17 |    33 |    66 |    64 ||   180
Block: Shield            |    66 |   144 |   273 |   214 ||   697
